 Dungeon Crawl Stone Soup version v3.33-hellcrawl-189-gd9da4bb (webtiles) character file.

2 tyvek the Ruffian (level 7, 0/52 HPs) *CASUAL*
             Began as a White Draconian Transmuter on Oct 22, 2017.
             Slain by Sigmund (14 damage)
             ... on level 4 of the Dungeon.
             The game lasted 00:03:09 (3035 turns).

tyvek the Ruffian (White Draconian Transmuter)      Turns: 3035, Time: 00:03:10

Health: 0/52       AC:  2 (0%)Str: 19   XL:     7   Next: 29%
Magic:  7/7        EV: 19    Int: 19    God:
Gold:   124        SH:  0    Dex: 16    Spells: 0/10 levels left

rFire    . . .     SeeInvis .     - Unarmed
rCold    . . .     Faith    .   (shield currently unavailable)
rNeg     . . .     Spirit   .   (armour unavailable)
rPois    x         Reflect  .   (helmet currently unavailable)
rElec    .                      (cloak currently unavailable)
rCorr    .                      (gloves currently unavailable)
MR       .....                  (boots currently unavailable)
Stlth    +.........             (no amulet)
Regen    0.2/turn               (no ring)
MPRegen  0.2/turn               (no ring)

@: mighty, brilliant, spider-form, very slightly contaminated, hasted, very
quick
A: (breathe frost), unfitting armour, AC +6
a: End Transformation


You were on level 4 of the Dungeon.
You were not hungry.
You were a venomous arachnid creature.
You visited 1 branch of the dungeon, and saw 4 of its levels.

You collected 214 gold pieces.
You spent 90 gold pieces at shops.


Innate Abilities, Weirdness & Mutations

((You can breathe waves of freezing cold.))
((You can buffet flying creatures when you breathe cold.))
((Your icy white scales are hard. (AC +6)))
Your body does not fit into most forms of armour.
((Your flesh is cold resistant. (rC+)))
((You are cold-blooded and may be slowed by cold attacks.))


   Skills:
 - Level 1.1 Fighting
 - Level 1.7 Dodging
 * Level 7.4 Unarmed Combat
 - Level 2.0 Spellcasting
 + Level 4.6 Transmutations


You couldn't memorise any spells.
You knew the following spells:

 Your Spells              Type           Power        Failure   Level  Hunger
c - Ice Form              Ice/Tmut       22 (100)     8%          4    #####..
p - Spider Form           Tmut           30 (200)     1%          3    ###....
t - Sticks to Snakes      Tmut/Summ      22 (100)     3%          2    ###....
z - Beastly Appendage     Tmut           30 (50)      1%          1    #......

Inventory:

Missiles
 a - 303 arrows
Armour
 f - a +0 cloak
Jewellery
 R - an uncursed ring of resist corrosion
Scrolls
 d - a scroll of enchant armour
 g - 3 scrolls of teleportation {@r4}
Potions
 b - a potion of flight
 c - 3 potions of curing {@q1}
 i - a potion of resistance
 j - 2 potions of mutation

Dungeon Overview and Level Annotations

Branches:
Dungeon (4/15)

Altars:
Qazlal
Ru
Trog
Uskayaw
Xom
Zin
The Shining One

Annotations:
D:4 Sigmund

## #.. ###.. ###...#
####...####
#.........####
###............###
####................#
#...s.........$......
##...##..........(...
###..#..............
##.##.............
#..#......?......
##.........))....
##.....>........
##...........>.
##...........#


There were no monsters in sight!


Message History

You hit the orc (2).
The orc is poisoned.
The orc is heavily wounded.
You kill the orc!
The orc hits you with a +0 flail (5).
You hit the orc (5).
The orc is poisoned.
The orc is severely wounded.
Something closely misses you.
Unknown command.
You barely miss the orc.
The orc is severely wounded.
The orc closely misses you.
You bite the orc (10)!
You kill the orc!
Something hits you (7)!
You hear some strange, mumbled words.
A puff of flame appears from out of thin air!
The puff of flame hits you!
That hurt (10)!
* * * LOW HITPOINT WARNING * * *
Something hits you (7)!
* * * LOW HITPOINT WARNING * * *
A magic dart appears from out of thin air!
The magic dart hits you!
That hurt (9)!
* * * LOW HITPOINT WARNING * * *
You feel very mighty all of a sudden.
You feel clever all of a sudden.
You feel better.
You feel yourself speed up.
You are very lightly contaminated with residual magic.
Something barely misses you. Something hits you (14)!
You die...

Skill      XL: |  1  2  3  4  5  6 |
---------------+-------------------+-----
Unarmed Combat | 4 5 7 |  7.4
Transmutations | 3 4 |  4.6
Fighting       | |  1.1
Dodging        | |  1.7
Spellcasting   | |  2.0

Action                   |  1- 3 |  4- 6 |  7- 9 || total
-------------------------+-------+-------+-------++-------
Melee: Unarmed           |    66 |    95 |    37 ||   198
       Kick              |     6 |       |       ||     6
       Tailslap          |     2 |       |       ||     2
 Cast: Beastly Appendage |     1 |       |       ||     1
       Spider Form       |     1 |       |       ||     1
  Use: Potion            |       |       |     3 ||     3
 Stab: Sleeping          |     1 |     1 |       ||     2
Armor: Skin              |    14 |     2 |     2 ||    18
Dodge: Dodged            |    42 |    80 |    36 ||   158

Vault maps used:
D:1:      mushboom_english_gardens
D:2:      zin_purify, tso_altar, marbit_many_paths,
          chequers_ecumenical_altar_island, dk_xom_monty_hall
D:3:      nicolae_ru_the_path_less_chosen, nicolae_overflow_crystal_walls,
          dancing_weapons_uskayaw, serial_park_tiny_pond,
          kennysheep_small_spiral, minmay_checkerbox
D:4:      kennysheep_mini, lemuel_coloured_pillars_altar, uniq_sigmund

Notes
Turn   | Place    | Note
-------+----------+-------------------------------------------
     0 | D:1      | tyvek the Draconian Transmuter began the quest for the Orb.
     0 | D:1      | Reached XP level 1. HP: 16/16 MP: 3/3
   101 | D:1      | Reached XP level 2. HP: 20/23 MP: 4/4
   370 | D:1      | Reached skill level 4 in Unarmed Combat
   425 | D:1      | Reached XP level 3. HP: 25/28 MP: 5/5
   429 | D:1      | Learned a level 2 spell: Sticks to Snakes
   433 | D:1      | Learned a level 3 spell: Spider Form
   809 | D:2      | Found a faded altar of an unknown god.
   827 | D:2      | Reached XP level 4. HP: 35/35 MP: 2/2
   838 | D:2      | Reached skill level 3 in Transmutations
   845 | D:2      | Found a shimmering altar of Xom.
   880 | D:2      | Found a stormy altar of Qazlal.
   909 | D:2      | Reached skill level 5 in Unarmed Combat
   912 | D:2      | Reached XP level 5. HP: 34/40 MP: 4/4
   919 | D:2      | Found a glowing golden altar of the Shining One.
  1049 | D:2      | Found a glowing silver altar of Zin.
  1050 | D:2      | Found Zin's Purification Station.
  1057 | D:2      | Bought a potion of curing for 90 gold pieces
  1978 | D:3      | Reached XP level 6. HP: 35/47 MP: 5/5
  1988 | D:3      | Reached skill level 6 in Unarmed Combat
  2333 | D:3      | Reached skill level 4 in Transmutations
  2406 | D:3      | Found a bloodstained altar of Trog.
  2421 | D:3      | Reached skill level 7 in Unarmed Combat
  2421 | D:3      | Your scales start taking on an icy white colour.
  2421 | D:3      | Reached XP level 7. HP: 50/52 MP: 5/7
  2421 | D:3      | Gained mutation: Your flesh is cold resistant. (rC+) [White Draconian growth]
  2561 | D:3      | Found a hide-covered altar of Uskayaw.
  2562 | D:3      | Noticed a hand axe
  2562 | D:3      | Noticed a dagger
  2897 | D:3      | Found a sacrificial altar of Ru.
  2969 | D:4      | Learned a level 4 spell: Ice Form
  3010 | D:4      | Noticed Sigmund
  3035 | D:4      | Slain by Sigmund

Vanquished Creatures
  A howler monkey (D:3)
  A jelly (D:2)
  3 worker ants (D:3)
  4 gnolls (D:3)
  5 adders
  2 oozes
  A dart slug (D:2)
  11 orcs
  4 quokkas
  14 bats
  2 giant cockroaches (D:1)
  6 goblins
  9 hobgoblins
  An iguana (D:2)
  4 jackals (D:2)
  5 frilled lizards
  4 kobolds
  7 rats
84 creatures vanquished.
